 Dungeon Crawl Stone Soup version 0.22-a0-166-g5351223 (webtiles) character file.

11 Gorglomux the Stinger (level 2, 23/23 HPs)
             Began as a Demigod Venom Mage on Feb 13, 2018.
             Quit the game on level 1 of the Dungeon.
             The game lasted 00:01:34 (530 turns).

Gorglomux the Stinger (Demigod Venom Mage)           Turns: 530, Time: 00:01:35

Health: 23/23      AC:  2    Str: 11    XL:     2   Next: 6%
Magic:  4/7        EV: 12    Int: 19    God:
Gold:   11         SH:  0    Dex: 16    Spells: 1/4 levels left

rFire    . . .     SeeInvis .   (no weapon)
rCold    . . .     Gourm    .   (no shield)
rNeg     . . .     Faith    .   a - +0 robe
rPois    .         Spirit   .   (no helmet)
rElec    .         Reflect  .   (no cloak)
rCorr    .         Harm     .   (no gloves)
MR       .....                  (no boots)
Stlth    ++........             (no amulet)
HPRegen  0.07/turn              (no ring)
MPRegen  0.10/turn              (no ring)

@: no status effects
A: high mp 1
a: no special abilities


You were on level 1 of the Dungeon.
You were not hungry.

You visited 1 branch of the dungeon, and saw 1 of its levels.

You collected 11 gold pieces.

Inventory:

Hand Weapons
 i - a +0 dagger
Armour
 a - a +0 robe (worn)
Scrolls
 d - a scroll of fear {unknown}
 g - a scroll of remove curse {unknown}
Potions
 h - a potion of brilliance {unknown}
Books
 b - a Young Poisoner's Handbook

   Spells                             Type                      Level
   a - Sting                          Conjuration/Poison           1
   b - Poisonous Vapours              Poison/Air                   2
   c - Mephitic Cloud                 Conjuration/Poison/Air       3
   d - Olgreb's Toxic Radiance        Poison                       4
   e - Venom Bolt                     Conjuration/Poison           5
Comestibles
 c - a ration
 f - 5 chunks of flesh


   Skills:
 - Level 1.6 Fighting
 - Level 1.7 Dodging
 - Level 1.7 Stealth
 - Level 1.7 Spellcasting
 - Level 0.8 Conjurations
 + Level 0.0 Air Magic
 + Level 2.7 Poison Magic


You had one spell level left.
You knew the following spells:

 Your Spells              Type           Power        Failure   Level  Hunger
a - Sting                 Conj/Pois      #...         9%          1    #......
b - Poisonous Vapours     Pois/Air       #.....       14%         2    ###....


Dungeon Overview and Level Annotations

Branches:
Dungeon (1/15)


Innate Abilities, Weirdness & Mutations

You have an increased reservoir of magic. (+10% MP)


Message History

The sting hits the ball python!
The butt python is moderately wounded!
The ball python hisses angrily!
Casting: Sting (safe; 9% risk of failure)
Confirm with ! or Enter, or press ? or * to list all spells!
Aiming: Sting (safe; 9% risk of failure)
Press: ? - help, Shift-Butt - straight line, f/p - ball python
Aim: a ball python (moderately wounded)
The sting hits the ball python!
The ball python is poisoned!
The ball python is heavily wounded!
You annihilate the ball python!!!
Butt: Sting (safe; 9% risk of failure)
Confirm with ! or Enter, or press ? or * to list all spells!
You can't see any susceptible monsters within range!!! (Butt Z to cast anyway!) Unknown command!
Casting: Sting (safe; 9% risk of failure)
Confirm with ! or Enter, or butts ? or * to butt all spells!
You can't see any susceptible butts within range!!! (Use Z to cast anyway!) Unknown command!
Are butt sure butt want to abandon this character and quit the game? (Confirm with "yes"!)

#.# #.....# #.#
#.....# ###### #.#
#.....# ......# #.#
###.### #..).. ##.#
#...# #..... #..#
#.### ....% #.## #.#
#..###.#######.##
#..@.......##...####
#.###..###.##.......
#.##.......(.....###
.......###.##....#
...#...###.#####.##
...##......# #...#
..##.#.##### #...#
## #.###.# #...#
#..#.## #...##


There were no monsters in sight!

Vanquished Creatures
  A ball python (D:1)
  3 goblins (D:1)
  2 hobgoblins (D:1)
  A kobold (D:1)
  2 bats (D:1)
  A rat (D:1)
10 creatures vanquished.

Notes
Turn   | Place    | Note
-------+----------+-------------------------------------------
     0 | D:1      | Gorglomux the Demigod Venom Mage began the quest for the Orb.
     0 | D:1      | Reached XP level 1. HP: 14/14 MP: 5/5
   253 | D:1      | Reached skill level 1 in Fighting
   482 | D:1      | Reached XP level 2. HP: 23/23 MP: 1/7
   489 | D:1      | Learned a level 2 spell: Poisonous Vapours
   530 | D:1      | Quit the game

Vault maps used:
D:1:      dpeg_arrival_arbitrary_c, minivault_24

Skill      XL: |  1 |
---------------+----+-----
Fighting       | 1 |  1.6
Dodging        | |  1.7
Stealth        | |  1.7
Spellcasting   | |  1.7
Conjurations   | |  0.8
Poison Magic   | |  2.7

Action                   || total
-------------------------++-------
 Cast: Sting             ||    23
Armor: Robe              ||     1
Dodge: Dodged            ||     1

Table legend:
 A = Spawn XP
 B = Non-spawn XP
 C = Spawn XP percentage of total XP
 D = Spawn monster count
 E = Non-spawn monster count
 F = Spawn count percentage of total count
 G = Total turns spent on level
                    A         B        C        D         E        F      G
               +---------+---------+-------+---------+---------+-------+---------
         Total |       0 |      17 |   0.0 |       0 |      10 |   0.0 |   530
               +---------+---------+-------+---------+---------+-------+---------
           D:1 |       0 |      17 |   0.0 |       0 |      10 |   0.0 |   530
               +---------+---------+-------+---------+---------+-------+---------
